 Dungeon Crawl Stone Soup version 0.31-a0-121-g1e386dd289 (webtiles) character file.

Game seed: 2700300885133496189

81 Pimp the Insei (level 4, 0/29 HPs)
             Began as an Octopode Transmuter on May 31, 2023.
             Slain by a phantom (6 damage)
             ... on level 3 of the Dungeon.
             The game lasted 00:06:33 (2965 turns).

Pimp the Insei (Octopode Transmuter)                Turns: 2965, Time: 00:06:34

Health: 0/29       AC:  1    Str: 11    XL:     4   Next: 42%
Magic:  7/7        EV: 13    Int: 15    God:
Gold:   213        SH:  0    Dex: 12    Spells: 7/8 levels left

rFire   . . .        h - +6 dagger of the Imperium {spect, rElec}
rCold   . . .        (no shield)
rNeg    . . .        (helmet restricted)
rPois   .            (no amulet)
rElec   +            j - ring of willpower
rCorr   .            (no ring)
SInv    .            (no ring)
Will    +....        (no ring)
Stlth   +++          (no ring)
HPRegen 0.24/turn    (no ring)
MPRegen 0.10/turn    (no ring)
                     (no ring)

%: no passive effects
@: no status effects
A: almost no armour, amphibious, 8 rings, camouflage 1, gelatinous body 1,
(nimble swimmer 1), tentacles
a: no special abilities


You were on level 3 of the Dungeon.
You visited 1 branch of the dungeon, and saw 4 of its levels.

You collected 213 gold pieces.

Inventory:

Hand Weapons
 h - the +6 dagger of the Imperium (weapon) {spect, rElec}
   (You found it on level 2 of the Dungeon)

   rElec:     It insulates you from electricity.
Jewellery
 j - a ring of willpower (left tentacle)
Scrolls
 c - a scroll of amnesia
 e - 2 scrolls of enchant weapon {unknown}
 k - a scroll of blinking {unknown}
 l - 3 scrolls of enchant armour {unknown}
 n - a scroll of silence {unknown}
 q - a scroll of acquirement {unknown}
 r - a scroll of identify
Potions
 a - a potion of lignification
 b - a potion of cancellation {unknown}
 d - a potion of haste
 f - 2 potions of ambrosia
 g - a potion of curing
 m - a potion of magic
 o - a potion of degeneration
 p - a potion of brilliance
 s - a potion of berserk rage {unknown}


   Skills:
 + Level 1.9 Fighting
 + Level 2.6 Dodging
 * Level 1.0 Stealth
 + Level 3.4 Unarmed Combat
 + Level 2.5 Spellcasting
 + Level 2.5 Transmutations


You had 7 spell levels left.
You knew the following spells:

 Your Spells              Type           Power      Damage    Failure   Level
a - Beastly Appendage     Tmut           18%        N/A       8%          1

Your spell library contained the following spells:

 Spells                   Type           Power      Damage    Failure   Level
 Wereblood                Tmut           9%         N/A       12%         2
 Spider Form              Tmut/Pois      5%         N/A       36%         3
 Ozocubu's Armour         Ice            1%         N/A       54%         3
 Ice Form                 Ice/Tmut       5%         N/A       77%         4
 Iskenderun's Battlesphe  Conj           1%         2d6       99%         5
 Metabolic Englaciation   Hex/Ice        0%         N/A       99%         5
 Leda's Unmaking          Conj/Erth      0%         9d1       100%        6
 Simulacrum               Ice/Necr       0%         N/A       100%        6
 Spellforged Servitor     Conj/Summ      0%         N/A       100%        7


Dungeon Overview and Level Annotations

Branches:
Dungeon (4/15)
 Temple: D:4-7

Altars:
Sif Muna
Vehumet
Yredelemnul
Zin

Annotations:
D:4 Dowan, Duvessa


Innate Abilities, Weirdness & Mutations

You cannot wear most types of armour.
You are amphibious.
You can wear up to eight rings at the same time.
Your skin changes colour to match your surroundings (Stealth+).
Your rubbery body absorbs attacks. (AC +1, EV +1)
((You are camouflaged when in or above water. (Stealth+)))
You have tentacles for arms and can constrict up to eight enemies at once.


Message History

Your +6 dagger of the Imperium {spect, rElec} hits the phantom but does no damage.
The phantom misses you.
Your +6 dagger of the Imperium {spect, rElec} disappears.
The phantom hits you.
Duvessa says, "Where magic fails, the sword succeeds!"
The phantom attacks as you move away! The phantom closely misses you.
The iguana attacks as you move away! The iguana bites you.
Dowan casts a spell at you. The puff of frost hits you!
The phantom attacks as you move away! The phantom barely misses you.
The iguana closely misses you.
Dowan says, "Magic and the sword, together, will defeat you."
The phantom attacks as you move away! The phantom hits you.
The iguana attacks as you move away! The iguana closely misses you.
Dowan gestures at Duvessa while chanting.
Duvessa seems to speed up.
The phantom attacks as you move away! The phantom barely misses you.
There is a stone staircase leading up here.
The phantom closely misses you.
You climb upwards.
There is a stone staircase leading down here.
You hit the phantom. You squeeze the phantom.
The phantom is lightly damaged.
Your +6 dagger of the Imperium {spect, rElec} hits the phantom.
The phantom misses you.
You closely miss the phantom. You squeeze the phantom.
The phantom is heavily damaged.
Your +6 dagger of the Imperium {spect, rElec} hits the phantom.
The phantom misses you.
You closely miss the phantom.
The phantom is heavily damaged.
Your +6 dagger of the Imperium {spect, rElec} misses the phantom.
The phantom hits you!
* * * LOW HITPOINT WARNING * * *
You hit the phantom.
Your tentacle-slap misses the phantom.
Your squeeze misses the phantom.
The phantom is heavily damaged.
Your +6 dagger of the Imperium {spect, rElec} hits the phantom.
The phantom hits you.
You die...

#..#.......#.#####.####.#
##.#.##.##...............
#.#.##.##.#.#...........
#.#.##...............###
#.#.#####..........#.#.#
#.#.#####.#.####.###.#.#
#.#.##..###............#
##.#.#8..8#######.###.#.#
#......(@..# #.....#.#
#####..W...# #######.#
##8..8#############.#
##.)##..............
#..##############.#
##..............#.#
###.####.#####.#.# #.#
#.........# #.#
#.##.##.###


You could see a phantom and a friendly +6 dagger of the Imperium {spect, rElec}.

Vanquished Creatures
  3 adders
  2 orcs
  10 ball pythons
  4 bats (D:1)
  4 endoplasms
  2 giant cockroaches
  5 goblins
  3 hobgoblins
  5 kobolds
  3 quokkas
  2 frilled lizards
  9 rats
52 creatures vanquished.

Notes
Turn   | Place    | Note
-------+----------+-------------------------------------------
     0 | D:1      | Pimp the Octopode Transmuter began the quest for the Orb.
     0 | D:1      | Reached XP level 1. HP: 13/13 MP: 3/3
   122 | D:1      | Reached XP level 2. HP: 18/18 MP: 3/5
   565 | D:1      | Reached XP level 3. HP: 19/23 MP: 6/6
  1569 | D:2      | Identified the +6 dagger of the Imperium {spect, rElec}
  1713 | D:2      | Reached XP level 4. HP: 25/29 MP: 7/7
  2523 | D:3      | Found a glowing silver altar of Zin.
  2524 | D:3      | Found a shimmering blue altar of Sif Muna.
  2563 | D:3      | Found a basalt altar of Yredelemnul.
  2564 | D:3      | Found a radiant altar of Vehumet.
  2772 | D:4      | Reached skill level 1 in Stealth
  2835 | D:4      | Noticed Duvessa
  2836 | D:4      | Noticed Dowan
  2843 | D:4      | Noticed a phantom
  2965 | D:3      | Slain by a phantom

Illustrated notes

Levels and vault maps discovered:
D:1:      sevenhm_arrival_forest_fort_small_4, layout_basic,
          kennysheep_pointless_box, minmay_misc_feat_x
D:2:      layout_basic
D:3:      layout_basic, chequers_temple_overflow_statue_of_worship, st_stairs_6,
          minivault_5
D:4:      layout_gridville, temple_fountains, minmay_unequal, uniq_sigmund,
          uniq_duvessa

Skill      XL: |  1  2  3  4 |
---------------+-------------+-----
Stealth        | 1 |  1.0
Fighting       | |  1.9
Dodging        | |  2.6
Unarmed Combat | |  3.4
Spellcasting   | |  2.5
Transmutations | |  2.5

Action                     |  1- 3 |  4- 6 || total
---------------------------+-------+-------++-------
  Melee: Unarmed           |    67 |       ||    67
         Constrict         |    21 |     3 ||    24
         Tentacles         |    10 |     5 ||    15
         Punch             |     2 |       ||     2
         Kick              |    14 |       ||    14
         Dagger            |     2 |    23 ||    25
   Cast: Beastly Appendage |    22 |       ||    22
    Use: Scroll            |     3 |     9 ||    12
   Stab: Sleeping          |     5 |     6 ||    11
 Armour: Skin              |     4 |     1 ||     5
  Dodge: Dodged            |    57 |    15 ||    72

Table legend: (Time is in decaauts)
 A = Elapsed time spent in this place.
 B = Non-inter-level travel time spent in this place.
 C = Inter-level travel time spent in this place.
 D = Time resting spent in this place.
 E = Time spent auto-exploring this place.
 F = Levels seen in this place.
 G = Mean time per level.
                   A        B        C        D        E       F      G
               +--------+--------+--------+--------+--------+-----+--------+
         Total |   2961 |   2908 |     53 |    350 |   2080 |   4 |  740.2 |
       Dungeon |   2961 |   2908 |     53 |    350 |   2080 |   4 |  740.2 |
               +--------+--------+--------+--------+--------+-----+--------+

Top non-repeatable levels by time:
     D:1: 1114 daAuts
     D:3: 1091 daAuts
     D:2: 660 daAuts
     D:4: 95 daAuts
